 Dungeon Crawl Stone Soup version 0.25-a0-576-g50b708a4c4 (webtiles) character file.

Game seed: 6368109102311780787, levelgen mode: deterministic

166061 Flugslaktarn the Severer (level 16, -2/153 HPs)
             Began as a Deep Dwarf Fighter on Mar 1, 2020.
             Was the Champion of Makhleb.
             Splashed by an acid blob's acid (8 damage)
             ... on level 5 of the Pits of Slime.
             The game lasted 00:12:58 (14750 turns).

Flugslaktarn the Severer (Deep Dwarf Fighter)      Turns: 14750, Time: 00:12:59

Health: -2/153     AC: 24    Str: 24    XL:     16   Next: 70%
Magic:  6/15       EV:  7    Int: 12    God:    Makhleb [******]
Gold:   1260       SH: 14    Dex: 16    Spells: 15/15 levels left

rFire    . . .     SeeInvis .   g - +7 broad axe (venom)
rCold    + + .     Gourm    .   L - +0 kite shield
rNeg     + . .     Faith    .   D - +5 plate armour of Muj Ceff {MR++ rCorr Stlth-}
rPois    +         Spirit   .   b - +2 helmet
rElec    .         Reflect  .   A - +2 cloak {MR+}
rCorr    +         Harm     .   u - +2 pair of gloves
MR       +++++                  P - +0 pair of boots
Stlth    ..........             (no amulet)
HPRegen  0.00/turn              y - ring "Xolowkom" {rPois rC+ Dex+4}
MPRegen  0.14/turn              c - ring of protection from cold

@: corroded, non-regenerating
A: damage resistance, heal wounds, slimy green scales 1, negative energy
resistance 1, sense surroundings 2, screaming 1, no potion heal 1, subdued magic
2, no regeneration
}: 2/15 runes: decaying, serpentine
a: Heal Wounds, Minor Destruction, Lesser Servant of Makhleb, Major Destruction,
Greater Servant of Makhleb, Renounce Religion


You were on level 5 of the Pits of Slime.
You worshipped Makhleb.
Makhleb was exalted by your worship.
You were not hungry.

You visited 6 branches of the dungeon, and saw 31 of its levels.

You collected 1260 gold pieces.

Inventory:

Hand Weapons
 g - a +7 broad axe of venom (weapon)
   (You acquired it on level 8 of the Dungeon)
Missiles
 I - a throwing net (quivered)
Armour
 a - the +2 ratskin cloak {+Rats rPois rN+ Str-1 Int-1 Dex+1}
   (You found it on level 4 of the Snake Pit)

   It affects your strength (-1).
   It affects your intelligence (-1).
   It affects your dexterity (+1).
   It protects you from poison.
   It protects you from negative energy.
   If you switch to wearing this armour, your AC will remain unchanged.
 b - a +2 helmet (worn)
   (You found it on level 2 of the Swamp)
 o - a +0 helmet
   (You found it on level 5 of the Dungeon)
 u - a +2 pair of gloves (worn)
   (You found it on level 2 of the Lair of Beasts)
 A - a +2 cloak of magic resistance (worn)
   (You took it off Crazy Yiuf on level 7 of the Dungeon)
 D - the +5 plate armour of Muj Ceff (worn) {MR++ rCorr Stlth-}
   (You found it on level 8 of the Dungeon)

   It affects your resistance to hostile enchantments.
   It provides partial protection from all sources of acid and corrosion.
   It makes you less stealthy.
   If you remove this armour, your AC will decrease by 22 (24 -> 2).
 L - a +0 kite shield (worn)
 P - a +0 pair of boots (worn)
   (You found it on level 5 of the Lair of Beasts)
Jewellery
 c - a ring of protection from cold (right hand)
   (You found it on level 3 of the Lair of Beasts)
 i - an uncursed ring of see invisible
   (You found it on level 10 of the Dungeon)
 m - an uncursed ring of protection from magic
   (You found it on level 6 of the Dungeon)
 y - the ring "Xolowkom" (left hand) {rPois rC+ Dex+4}
   (You acquired it on level 8 of the Dungeon)

   [ring of protection from cold]

   It affects your dexterity (+4).
   It protects you from cold.
   It protects you from poison.
 E - an uncursed ring of protection from magic
   (You found it on level 9 of the Dungeon)
 K - a +3 ring of strength
   (You found it on level 3 of the Lair of Beasts)
Wands
 k - a wand of scattershot (4)
   (You found it on level 10 of the Dungeon)
 v - a wand of digging (10)
   (You found it on level 5 of the Lair of Beasts)
 N - a wand of clouds (16)
   (You took it off Fannar on level 1 of the Lair of Beasts)
Scrolls
 j - 3 scrolls of fear
 l - 3 scrolls of immolation
 t - 8 scrolls of teleportation
 w - 9 scrolls of remove curse
 z - 2 scrolls of blinking
 B - a scroll of holy word
 C - a scroll of torment
 O - 6 scrolls of fog
Potions
 d - 2 potions of might
 f - 3 potions of brilliance
 h - 2 potions of haste
 n - 3 potions of resistance
 p - 5 potions of lignification
 q - 6 potions of curing
 s - a potion of cancellation
 x - 5 potions of stabbing
 F - 4 potions of heal wounds
 G - 2 potions of flight
 M - a potion of invisibility
Comestibles
 e - 35 rations


   Skills:
 + Level 12.3 Fighting
 - Level 18.0 Axes
 + Level 14.2 Armour
 + Level 14.2 Shields
 - Level 15.0 Invocations


You had 15 spell levels left.
You didn't know any spells.
Your spell library was empty.

Dungeon Overview and Level Annotations

Branches:
Dungeon (11/15)            Temple (1/1) D:7            Lair (6/6) D:11
  Swamp (4/4) Lair:2        Snake (4/4) Lair:4        Slime (5/5) Lair:6
    Orc (0/2) D:9

Altars:
Ashenzari
Cheibriados
Dithmenos
Elyvilon
Fedhas
Gozag
Hepliaklqana
Kikubaaqudgha
Makhleb
Nemelex Xobeh
Okawaru
Qazlal
Sif Muna
Trog
Uskayaw
Vehumet
Wu Jian
Xom
Yredelemnul
Zin
The Shining One
Jiyva

Annotations:
Lair:2 exclusion: 3 oklob plants
Swamp:3 1 runed translucent door
Slime:5 Royal Jelly


Innate Abilities, Weirdness & Mutations

You are resistant to damage.
You can heal yourself by infusing magical energy.
You resist negative energy. (rN+)
You passively map the area around you.
You do not regenerate.
You are partially covered in slimy green scales. (AC +2)
You occasionally shout uncontrollably at your foes.
Potions are less effective at restoring your health.
Your spells are easier to cast, but less powerful.


Message History

Makhleb accepts your kill.
You feel better.
You are too injured to fight recklessly!
Unknown command.
You feel much better.
You are engulfed in blazing flames.
* * * LOW HITPOINT WARNING * * *
The acid blob is engulfed in blazing flames.
The acid blob explodes!
The fiery explosion engulfs the acid blob!!
Flame seeps out of the acid blob.
The acid blob is heavily wounded.
The fiery explosion engulfs you!!
* * * LOW HITPOINT WARNING * * *
Makhleb accepts your kill.
The acid blob is engulfed in blazing flames.
Flame seeps out of the acid blob.
The acid blob spits acid at you.
The splash of acid hits you but does no damage.
You are splashed with acid!
You resist.
You die...

, ,* #$$#)##.#)#%$##*
, , $$)$##.G##!}!!#* ,
*|[$:?#J##[}:)(# , ,
,, , * , #..# , ,** ,
, ,* ##J# , #. ,, , ,
.# #JG# #.... ,,, ,,,,
...# ##J#####......,,
,.....#○○###.#.......
, , ,,,
.....§§@............ ,
,,
....................,,
,
,....................
, ....................
,, , ,
....................,,
,
,....................
, ,
,....................
, ,,
....................
,....................
,


You could see 2 acid blobs, a great orb of eyes (inner flame), a slime creature
(inner flame) and a shining eye.

Vanquished Creatures
  Jorgrun (Swamp:2)
  7 acid blobs
  Gastronok (Lair:2)
  Frances (Swamp:2)
  A thorn hunter (Swamp:4)
  3 azure jellies
  5 nagarajas (Snake:4)
  Azrael (Snake:2)
  A fire dragon (Lair:6)
  A great orb of eyes (Slime:3)
  4 ice dragons (Swamp:4)
  3 hydras
  Fannar (Lair:1)
  7 naga warriors
  12 anacondas
  2 shambling mangroves (Swamp:3)
  4 alligators
  3 catoblepae (Lair:6)
  6 death yaks
  A shock serpent (Snake:4)
  5 naga sharpshooters (Snake:4)
  5 salamander mystics
  A naga ritualist (Snake:4)
  A glowing orange brain (Slime:5)
  3 swamp dragons
  6 lindwurms
  4 shining eyes
  5 salamanders
  10 mana vipers (Snake:4)
  2 manticores (Lair:6)
  An ugly thing (D:11)
  10 elephants
  17 black mambas
  7 guardian serpents (Snake:4)
  14 naga magi
  3 torpor snails
  12 spiny frogs
  4 freezing wraiths (Swamp:4)
  7 rime drakes
  4 komodo dragons
  A troll (D:11)
  8 hornets
  A polar bear (Lair:2)
  11 blink frogs
  7 tyrant leeches
  18 slime creatures
  4 bog bodies
  9 dream sheep
  3 hippogriffs
  A shadow (Swamp:1)
  11 spriggans
  27 yaks
  A vampire (D:10)
  A wyvern (Lair:3)
  3 hogs (D:7)
  2 fire elementals (Snake:2)
  5 basilisks
  A human (D:7)
  A hungry ghost (D:7)
  4 vampire mosquitoes (Swamp:4)
  A steam dragon (Lair:6)
  5 swamp worm simulacra (Swamp:4)
  5 swamp worms
  6 hell hounds (Snake:2)
  5 insubstantial wisps (Swamp:4)
  16 nagas
  8 water moccasins
  15 hydra simulacra (Swamp:4)
  12 porcupines
  6 swamp drakes
  4 eyes of draining
  7 orc warriors
  3 phantoms
  4 sky beasts
  3 black bears
  2 ice beasts
  2 necrophages
  A wolf (Lair:6)
  4 ogres
  4 centaurs
  11 crocodiles
  A big kobold (D:9)
  8 bullfrogs
  A gnoll sergeant (D:5)
  A wyvern zombie (D:8)
  3 scorpions
  6 killer bees (D:7)
  3 electric eels
  4 wights
  3 howler monkeys (D:10)
  A centaur zombie (D:5)
  6 crimson imps
  6 hounds
  A jelly (D:9)
  A centaur skeleton (D:10)
  4 orc priests
  Crazy Yiuf (D:7)
  3 bullfrog skeletons
  7 worker ants
  Natasha (thrice) (D:2)
  5 iguanas
  9 orc wizards
  8 hell rats
  2 worker ant zombies
  12 adders
  3 gnolls (D:5)
  14 river rats
  A shadow imp (D:6)
  An ooze (D:6)
  2 swamp drake simulacra (Swamp:4)
  2 adder skeletons
  2 worms (D:4)
  6 leopard geckos
  44 orcs
  2 giant cockroaches
  3 hobgoblins (D:1)
  15 jackals
  9 quokkas
  3 bats (D:1)
  4 frilled lizards
  9 kobolds
  A quokka skeleton (D:7)
  16 rats
  5 fungi
  6 plants
676 creatures vanquished.

Vanquished Creatures (collateral kills)
  A hydra (Lair:6)
  A blink frog (Lair:6)
  A water moccasin (Lair:6)
3 creatures vanquished.

Vanquished Creatures (others)
  2 plants
2 creatures vanquished.

Grand Total: 681 creatures vanquished

Notes
Turn   | Place    | Note
-------+----------+-------------------------------------------
     0 | D:1      | Flugslaktarn the Deep Dwarf Fighter began the quest for the
                  | Orb.
     0 | D:1      | Reached XP level 1. HP: 20/20 MP: 1/1
   126 | D:1      | Reached XP level 2. HP: 14/27 MP: 2/2
   289 | D:2      | Found a white marble altar of Elyvilon.
   291 | D:2      | Noticed Natasha
   440 | D:2      | Killed Natasha
   440 | D:2      | Reached skill level 3 in Axes
   440 | D:2      | Reached XP level 3. HP: 16/34 MP: 1/1
   496 | D:2      | Noticed Natasha
   508 | D:2      | Killed Natasha
   508 | D:2      | Reached XP level 4. HP: 29/42 MP: 2/2
   594 | D:2      | Noticed Natasha
   603 | D:2      | Killed Natasha
   616 | D:2      | Found a bloodstained altar of Trog.
   916 | D:4      | Reached skill level 4 in Axes
   916 | D:4      | Reached XP level 5. HP: 24/49 MP: 3/3
   917 | D:4      | Noticed a phantom
   990 | D:4      | Killed a phantom
  1042 | D:4      | Reached XP level 6. HP: 44/57 MP: 3/3
  1110 | D:4      | Reached skill level 5 in Axes
  1522 | D:5      | Entered Level 5 of the Dungeon
  1539 | D:5      | Reached XP level 7. HP: 26/64 MP: 4/4
  1541 | D:5      | Reached skill level 5 in Shields
  1654 | D:5      | Reached skill level 5 in Armour
  1713 | D:5      | You fall into a shaft and drop 1 floor!
  1748 | D:5      | Reached skill level 6 in Axes
  2028 | D:5      | Reached XP level 8. HP: 45/73 MP: 5/5
  2677 | D:5      | Reached skill level 7 in Axes
  3090 | D:6      | Reached skill level 5 in Fighting
  3518 | D:7      | Found a staircase to the Ecumenical Temple.
  3570 | D:7      | Reached skill level 8 in Axes
  3607 | Temple   | Entered the Ecumenical Temple
  3669 | Temple   | Became a worshipper of Makhleb the Destroyer
  3722 | D:7      | Reached skill level 1 in Invocations
  3722 | D:7      | Gained mutation: You passively map the area around you.
                  | [Deep Dwarf growth]
  3722 | D:7      | Reached XP level 9. HP: 44/81 MP: 2/2
  3726 | D:7      | Found a shattered altar of Ashenzari.
  3730 | D:7      | Found a blossoming altar of Fedhas.
  3731 | D:7      | Found a radiant altar of Vehumet.
  3733 | D:7      | Found an ornate altar of the Wu Jian Council.
  3736 | D:7      | Found a basalt altar of Yredelemnul.
  3737 | D:7      | Found a sparkling altar of Nemelex Xobeh.
  3803 | D:7      | Found a hazy altar of Hepliaklqana.
  4170 | D:7      | Found a runed translucent door.
  4171 | D:7      | Noticed Crazy Yiuf
  4245 | D:7      | Reached skill level 9 in Axes
  4354 | D:7      | Found an opulent altar of Gozag.
  4402 | D:7      | Reached * piety under Makhleb
  4632 | D:7      | Killed Crazy Yiuf
  4707 | D:8      | Identified a scroll of acquirement
  4713 | D:8      | Identified the amulet "Zattudee" {+Rage rElec rPois} (You
                  | acquired it on level 8 of the Dungeon)
  4768 | D:8      | Identified the +1 pair of gloves "Ugulu" {Str+4 Int+3} (You
                  | acquired it on level 8 of the Dungeon)
  4768 | D:8      | Identified the ring "Xolowkom" {rPois rC+ Dex+4} (You
                  | acquired it on level 8 of the Dungeon)
  4805 | D:8      | Reached XP level 10. HP: 82/91 MP: 4/4
  4892 | D:8      | Got an ancient plate armour
  4903 | D:8      | Identified the +5 plate armour of Muj Ceff {MR++ rCorr
                  | Stlth-} (You found it on level 8 of the Dungeon)
  4950 | D:8      | Reached skill level 10 in Axes
  5328 | D:9      | Reached ** piety under Makhleb
  5339 | D:9      | Reached skill level 5 in Invocations
  5786 | D:9      | Found a staircase to the Orcish Mines.
  5919 | D:10     | Entered Level 10 of the Dungeon
  5942 | D:10     | Reached *** piety under Makhleb
  6315 | D:10     | Reached skill level 11 in Axes
  6692 | D:11     | Noticed a death yak
  6694 | D:11     | Noticed a death yak
  6695 | D:11     | Reached **** piety under Makhleb
  6695 | D:11     | Reached XP level 11. HP: 97/100 MP: 6/6
  6699 | D:11     | Noticed a death yak
  6707 | D:11     | Killed a death yak
  6716 | D:11     | Killed a death yak
  6716 | D:11     | Killed a death yak
  6735 | D:11     | Found a staircase to the Lair.
  6739 | D:11     | Noticed a green ugly thing
  6750 | D:11     | Killed a green ugly thing
  6757 | Lair:1   | Entered Level 1 of the Lair of Beasts
  6757 | Lair:1   | Noticed Fannar
  6784 | Lair:1   | Killed Fannar
  6913 | Lair:1   | Reached skill level 12 in Axes
  7442 | Lair:1   | Reached XP level 12. HP: 111/111 MP: 9/9
  7767 | Lair:2   | You fall into a shaft and drop 2 floors!
  7887 | Lair:2   | Noticed Gastronok
  7906 | Lair:2   | Killed Gastronok
  7906 | Lair:2   | Reached skill level 13 in Axes
  7951 | Lair:2   | Reached skill level 10 in Shields
  7953 | Lair:2   | Reached skill level 10 in Armour
  8083 | Lair:2   | Found a staircase to the Swamp.
  8307 | Lair:2   | Reached ***** piety under Makhleb
  8938 | Lair:3   | Found a radiant altar of Vehumet.
  9296 | Lair:4   | Found a staircase to the Snake Pit.
 10361 | Lair:5   | Reached skill level 10 in Invocations
 10378 | Lair:5   | Reached skill level 14 in Axes
 10834 | Lair:6   | Entered Level 6 of the Lair of Beasts
 10846 | Lair:6   | Reached XP level 13. HP: 121/121 MP: 11/11
 10892 | Lair:6   | Found a viscous altar of Jiyva.
 10903 | Lair:6   | Found a staircase to the Slime Pits.
 11438 | Lair:6   | Noticed a fire dragon
 11451 | Lair:6   | Killed a fire dragon
 11451 | Lair:6   | Reached ****** piety under Makhleb
 11451 | Lair:6   | Reached skill level 15 in Axes
 12067 | Swamp:1  | Entered Level 1 of the Swamp
 12089 | Swamp:1  | Reached skill level 10 in Fighting
 12222 | Swamp:1  | Gained mutation: You resist negative energy. (rN+) [Deep
                  | Dwarf growth]
 12222 | Swamp:1  | Reached XP level 14. HP: 76/132 MP: 12/12
 12349 | Swamp:2  | Noticed Jorgrun
 12351 | Swamp:2  | Noticed Frances
 12371 | Swamp:2  | Killed Frances
 12378 | Swamp:2  | Killed Jorgrun
 12704 | Swamp:3  | Reached skill level 16 in Axes
 12739 | Swamp:3  | Found a runed translucent gate.
 12885 | Swamp:4  | Entered Level 4 of the Swamp
 13258 | Swamp:4  | Got a decaying rune of Zot
 13281 | Swamp:4  | Noticed a thorn hunter
 13295 | Swamp:4  | Killed a thorn hunter
 13444 | Snake:1  | Entered Level 1 of the Snake Pit
 13520 | Snake:2  | Reached XP level 15. HP: 134/140 MP: 13/13
 13548 | Snake:2  | Noticed Azrael
 13557 | Snake:2  | Killed Azrael
 13813 | Snake:4  | Entered Level 4 of the Snake Pit
 13868 | Snake:4  | Noticed a nagaraja
 13889 | Snake:4  | Killed a nagaraja
 13889 | Snake:4  | Reached skill level 17 in Axes
 13898 | Snake:4  | Noticed a nagaraja
 13918 | Snake:4  | Killed a nagaraja
 13984 | Snake:4  | Noticed a nagaraja
 13984 | Snake:4  | Noticed a nagaraja
 14000 | Snake:4  | Killed a nagaraja
 14015 | Snake:4  | Killed a nagaraja
 14041 | Snake:4  | Noticed a nagaraja
 14051 | Snake:4  | Killed a nagaraja
 14155 | Snake:4  | Reached XP level 16. HP: 92/151 MP: 0/14
 14213 | Snake:4  | Got a serpentine rune of Zot
 14220 | Snake:4  | Found the +2 ratskin cloak {+Rats rPois rN+ Str-1 Int-1
                  | Dex+1}
 14237 | Snake:4  | Reached skill level 18 in Axes
 14502 | Slime:1  | Entered Level 1 of the Pits of Slime
 14507 | Slime:1  | Gained mutation: Your spells are a little easier to cast,
                  | but a little less powerful. [a shining eye]
 14526 | Slime:2  | Noticed an acid blob
 14535 | Slime:2  | Killed an acid blob
 14555 | Slime:2  | Gained mutation: Your spells are easier to cast, but less
                  | powerful. [a shining eye]
 14558 | Slime:2  | Gained mutation: You occasionally shout uncontrollably at
                  | your foes. [a shining eye]
 14572 | Slime:3  | Noticed an acid blob
 14587 | Slime:3  | Killed an acid blob
 14622 | Slime:4  | Noticed an acid blob
 14631 | Slime:4  | Killed an acid blob
 14661 | Slime:5  | Entered Level 5 of the Pits of Slime
 14675 | Slime:5  | Noticed an acid blob
 14676 | Slime:5  | Gained mutation: You are partially covered in slimy green
                  | scales. (AC +2) [a shining eye]
 14686 | Slime:5  | Gained mutation: Potions are less effective at restoring
                  | your health. [a shining eye]
 14696 | Slime:5  | Killed an acid blob
 14718 | Slime:5  | Found a viscous altar of Jiyva.
 14719 | Slime:5  | Noticed the Royal Jelly
 14719 | Slime:5  | Noticed an acid blob
 14720 | Slime:5  | Noticed an acid blob
 14720 | Slime:5  | Noticed an acid blob
 14720 | Slime:5  | Noticed an acid blob
 14723 | Slime:5  | Noticed an acid blob
 14734 | Slime:5  | Killed an acid blob
 14734 | Slime:5  | Reached skill level 15 in Invocations
 14735 | Slime:5  | Noticed an acid blob
 14749 | Slime:5  | HP: 4/152 [acid blob (4)]
 14749 | Slime:5  | Killed an acid blob
 14749 | Slime:5  | HP: 1/152 [acid blob/exploding inner flame[the player
                  | character] (3)]
 14750 | Slime:5  | Killed an acid blob
 14750 | Slime:5  | Splashed by an acid blob's acid

Levels and vault maps discovered:
D:1:      dpeg_arrival_rooms_with_view, layout_basic, st_stairs_11,
          minmay_pentomino_q4
D:2:      layout_loops_cross, nicolae_overflow_crystal_walls,
          minmay_misc_feat_square, minmay_misc_feat_tiny, bloody_trog,
          uniq_jessica, uniq_natasha, uniq_terence
D:3:      layout_basic
D:4:      layout_loops_cross, first_ration, minmay_pentomino_pile
D:5:      layout_gridville
D:6:      layout_basic
D:7:      layout_loops_ring, lemuel_round_altar, kennysheep_mini_moat,
          minitemple, minmay_temple_entry_large_hall, grunt_livestock,
          uniq_crazy_yiuf_cottage
D:8:      layout_basic, st_stairs_4
D:9:      layout_basic, david_orc_2
D:10:     layout_roguey
D:11:     layout_grid_maze, dpeg_lair_monsters, basic_altar
Temple:   dshaligram_water_room_temple
Lair:1:   kb_forest_paths, layout_regular_city, st_stairs_5, uniq_fannar
Lair:2:   lemuel_ratsnest, layout_regular_city, swamp_mist,
          minmay_lair_oklob_chamber, infiniplex_staircase_pool, uniq_gastronok
Lair:3:   layout_small_grid, basic_altar, grunt_megastairs_2
Lair:4:   layout_regular_city, guppyfry_snake_entry_garden
Lair:5:   layout_regular_city, nicolae_quartered_pool_super
Lair:6:   guppyfry_lair_end_dragon, layout_concentric_octagons,
          hangedman_lair_in_review, slime_altar_1
Swamp:1:  layout_basic_swamp, evilmike_swamp_ruin_house_1
Swamp:2:  layout_basic_swamp, evilmike_swamp_ruin_house_2, uniq_jorgrun,
          uniq_roxanne, uniq_frances
Swamp:3:  layout_falls_marsh, gammafunk_ghost_necromancy,
          evilmike_swamp_ruin_rubble_1, infiniplex_staircase_pool_2
Swamp:4:  swamp_icy, layout_basic_swamp, swamp_pool4
Snake:1:  layout_rooms
Snake:2:  layout_onion_interference, hangedman_snake_corridor_split, uniq_azrael
Snake:3:  layout_cave_pods
Snake:4:  snake_pit_salamanders_mu, layout_grid_shapes
Slime:1:  layout_caves
Slime:2:  layout_caves, cheibrodos_slime_lost_civilization_5
Slime:3:  layout_caves, basic_altar
Slime:4:  cheibrodos_slime_lost_civilization_1, layout_caves
Slime:5

Skill      XL: |  1  2  3  4  5  6  7  8  9 10 11 12 13 14 15 16 |
---------------+-------------------------------------------------+-----
Fighting       | 3 4 5 6 7 8 9 10 11 12 | 12.3
Axes           | 3 4 5 6 8 9 11 12 14 15 16 17 18 | 18.0
Shields        | 4 5 6 7 8 9 10 11 12 13 14 | 14.2
Armour         | 4 5 6 7 8 9 10 11 12 13 14 | 14.2
Invocations    | 1 4 6 8 10 11 12 14 15 | 15.0

Action                   |  1- 3 |  4- 6 |  7- 9 | 10-12 | 13-15 | 16-18 || total
-------------------------+-------+-------+-------+-------+-------+-------++-------
Melee: War axe           |    62 |   213 |   430 |       |       |       ||   705
       Unarmed           |     3 |       |       |       |       |       ||     3
       Broad axe         |       |       |    37 |   717 |   999 |   211 ||  1964
Invok: Lesser Servant of |       |       |       |       |     6 |       ||     6
 Abil: Heal Wounds       |     2 |     6 |    20 |     4 |    12 |     1 ||    45
  Use: Scroll            |       |       |    16 |    13 |     8 |     2 ||    39
       Potion            |       |       |       |       |     1 |       ||     1
 Stab: Petrified         |       |       |       |       |     3 |       ||     3
       Distracted        |       |       |       |       |     1 |       ||     1
  Eat: Chunk             |       |     2 |    14 |    17 |     9 |       ||    42
       Ration            |       |       |     2 |     1 |     1 |     1 ||     5
Armor: Scale mail        |    30 |    71 |    42 |       |       |       ||   143
       Skin              |     7 |     2 |       |       |       |       ||     9
       Plate armour      |       |       |   273 |   360 |   798 |   145 ||  1576
Dodge: Dodged            |    22 |    57 |   121 |   106 |   271 |    37 ||   614
Block: Kite shield       |    45 |   112 |   307 |   378 |   790 |   117 ||  1749

Table legend:
 A = Non-vault XP
 B = Vault XP
 C = Vault XP percentage of total XP
 D = Non-vault monster count
 E = Vault monster count
 F = Vault count percentage of total count
                 A         B        C        D         E       F
            +---------+---------+-------+---------+---------+-------
      Total |   95116 |  102115 |  51.8 |     424 |     244 |  36.5
            +---------+---------+-------+---------+---------+-------
        D:1 |      11 |       7 |  38.9 |       7 |       5 |  41.7
        D:2 |      92 |      35 |  27.6 |       8 |       1 |  11.1
        D:3 |      16 |       0 |   0.0 |       8 |       0 |   0.0
        D:4 |     412 |     155 |  27.3 |      16 |       5 |  23.8
        D:5 |     920 |       0 |   0.0 |      24 |       0 |   0.0
        D:6 |     663 |       0 |   0.0 |      17 |       0 |   0.0
        D:7 |    1624 |    1036 |  38.9 |      31 |       6 |  16.2
        D:8 |     824 |     207 |  20.1 |      19 |       4 |  17.4
        D:9 |    1588 |     151 |   8.7 |      35 |       6 |  14.6
       D:10 |    2322 |       0 |   0.0 |      37 |       0 |   0.0
       D:11 |    1116 |    2934 |  72.4 |       3 |      11 |  78.6
     Lair:1 |    3599 |    4335 |  54.6 |      12 |      18 |  60.0
     Lair:2 |    2907 |    3118 |  51.8 |      12 |      35 |  74.5
     Lair:3 |     314 |     325 |  50.9 |       2 |       2 |  50.0
     Lair:4 |    2834 |     151 |   5.1 |      13 |       1 |   7.1
     Lair:5 |    5653 |       0 |   0.0 |      28 |       0 |   0.0
     Lair:6 |   10746 |   14624 |  57.6 |      33 |      32 |  49.2
    Swamp:1 |    5809 |       0 |   0.0 |      15 |       0 |   0.0
    Swamp:2 |    6703 |    5196 |  43.7 |      19 |       2 |   9.5
    Swamp:3 |    5081 |       0 |   0.0 |      14 |       0 |   0.0
    Swamp:4 |    6463 |    8423 |  56.6 |      17 |      30 |  63.8
    Snake:1 |     480 |       0 |   0.0 |       3 |       0 |   0.0
    Snake:2 |    2813 |    3013 |  51.7 |       6 |      10 |  62.5
    Snake:3 |    3337 |       0 |   0.0 |       5 |       0 |   0.0
    Snake:4 |    9708 |   48687 |  83.4 |      19 |      71 |  78.9
    Slime:1 |    3268 |       0 |   0.0 |       5 |       0 |   0.0
    Slime:2 |    3578 |       0 |   0.0 |       4 |       0 |   0.0
    Slime:3 |    6381 |       0 |   0.0 |       7 |       0 |   0.0
    Slime:4 |    2694 |       0 |   0.0 |       2 |       0 |   0.0
    Slime:5 |    3160 |    9718 |  75.5 |       3 |       5 |  62.5
            +---------+---------+-------+---------+---------+-------
